 Dungeon Crawl Stone Soup version 0.22-a0-231-g1b571ea (webtiles) character file.

11 seerdeer the Ducker (level 2, -1/16 HPs)
             Began as a Spriggan Abyssal Knight on Feb 20, 2018.
             Was a Follower of Lugonu.
             Slain by an iguana (4 damage)
             ... on level 2 of the Dungeon.
             The game lasted 00:14:43 (899 turns).

seerdeer the Ducker (Spriggan Abyssal Knight)        Turns: 899, Time: 00:14:44

Health: -1/16      AC:  2    Str:  8    XL:     2   Next: 17%
Magic:  4/4        EV: 18    Int: 13    God:    Lugonu [*.....]
Gold:   28         SH:  5    Dex: 15    Spells: 1/1 levels left

rFire    . . .     SeeInvis +   a - +1 falchion
rCold    . . .     Gourm    .   r - +0 buckler
rNeg     . . .     Faith    .   p - +0 robe
rPois    .         Spirit   .   (helmet restricted)
rElec    .         Reflect  .   (no cloak)
rCorr    .         Harm     .   (gloves unavailable)
MR       .....                  (boots unavailable)
Stlth    ..........             (no amulet)
HPRegen  0.05/turn              i - ring of loudness (curse)
MPRegen  0.09/turn              (no ring)

@: about to teleport, very quick
A: very small, unfitting armour, see invisible, herbivore, speed 3, slow
metabolism 2
a: Depart the Abyss, Renounce Religion


You were on level 2 of the Dungeon.
You worshipped Lugonu.
Lugonu was aware of your devotion.
You were not hungry.

You visited 1 branch of the dungeon, and saw 2 of its levels.
You visited the Abyss 1 time.

You collected 28 gold pieces.

Inventory:

Hand Weapons
 a - a +1 falchion (weapon)
 d - a +0 short sword
 j - a +0 short sword
 m - a +0 club
 v - a +0 dagger
 w - a +0 dagger
Missiles
 f - 54 stones (quivered)
 s - 23 arrows
Armour
 b - a +0 robe
 e - a +0 pair of gloves
 g - a +0 leather armour
 h - a +0 ring mail
 l - a +0 chain mail
 p - a +0 robe (worn)
 q - a +0 ring mail
 r - a +0 buckler (worn)
Jewellery
 i - a cursed ring of loudness (left hand)
Scrolls
 t - a scroll of enchant weapon
Potions
 k - 2 potions of agility {unknown}
 o - 2 potions of flight {unknown}
 u - a potion of curing {unknown}
Comestibles
 c - 3 rations


   Skills:
 + Level 2.8 Fighting
 + Level 1.6 Long Blades
 + Level 3.6 Dodging
 + Level 1.8 Invocations


You had one spell level left.
You didn't know any spells.

Dungeon Overview and Level Annotations

Branches:
Dungeon (2/15)

Altars:


Innate Abilities, Weirdness & Mutations

You are very small and have problems with some larger weapons.
You are too small for most types of armour.
You have supernaturally acute eyesight. (SInv)
You are a herbivore.
You cover ground extremely quickly.
You need consume almost no food.


Message History

Press: ? - help, Shift-Dir - straight line, f/p - iguana
Aim: an iguana You throw a stone.
The stone hits the iguana but does no damage.
You hit the iguana but do no damage. The iguana closely misses you.
You closely miss the iguana. You block the iguana's attack.
You hit the iguana but do no damage. The iguana bites you.
You hit the iguana but do no damage. The iguana bites you.
* * * LOW HITPOINT WARNING * * *
The iguana barely misses you.
You riposte.
You hit the iguana.
The iguana is lightly wounded.
As you read the scroll labeled QOLOGE IPTEDE, it crumbles to dust.
It is a scroll of identify.
t - a scroll of enchant weapon The iguana closely misses you.
A bat comes into view.
As you read the scroll labeled GUAHUA FUTIM, it crumbles to dust.
You feel strangely unstable.
It was a scroll of teleportation.
The iguana bites you.
You die...

.. ... ..(. .. #.(.#
## ...#######..# ##
.## ......#..(.# ##.
...
#..@l######..#####..
###......##.#......#
#............####.#
#...#######........
####...#####..........
#.............######.#
####.....###..# #.#
#..##.....## #..
#...#####... ###


You could see an iguana.

Vanquished Creatures
  A leopard gecko (D:1)
  A giant cockroach (D:1)
  2 goblins
  A hobgoblin (D:2)
  A frilled lizard (D:1)
  2 kobolds (D:1)
  3 rats
11 creatures vanquished.

Notes
Turn   | Place    | Note
-------+----------+-------------------------------------------
     0 | Abyss:1  | seerdeer the Spriggan Abyssal Knight began the quest for the Orb.
     0 | Abyss:1  | Reached XP level 1. HP: 11/11 MP: 3/3
    10 | Abyss:1  | Found a corrupted altar of Lugonu.
    19 | D:1      | Escaped the Abyss
   807 | D:2      | Reached XP level 2. HP: 16/16 MP: 4/4
   899 | D:2      | Slain by an iguana

Vault maps used:
D:1:      lemuel_arrival_river_ford
D:2:      first_ration, eino_tiny_chamber, due_unseen_surprise, uniq_robin,
          uniq_terence

Action                   || total
-------------------------++-------
Melee: Falchion          ||    40
Throw: Stone             ||    20
  Use: Scroll            ||     2
Armor: Robe              ||     2
Dodge: Dodged            ||    35
Block: Buckler           ||     1
       Rpst.: Falchion   ||    14

Table legend:
 A = Spawn XP
 B = Non-spawn XP
 C = Spawn XP percentage of total XP
 D = Spawn monster count
 E = Non-spawn monster count
 F = Spawn count percentage of total count
 G = Total turns spent on level
                    A         B        C        D         E        F      G
               +---------+---------+-------+---------+---------+-------+---------
         Total |       0 |      17 |   0.0 |       0 |      11 |   0.0 |   899
               +---------+---------+-------+---------+---------+-------+---------
           D:1 |       0 |      11 |   0.0 |       0 |       7 |   0.0 |   764
           D:2 |       0 |       6 |   0.0 |       0 |       4 |   0.0 |   116
               +---------+---------+-------+---------+---------+-------+---------
